 Dungeon Crawl Stone Soup version 0.30-a0-626-gd6a5dd7a1f (webtiles) character file.

Game seed: 9915198457083073507

188 Rrauwl the Cudgeller (level 5, -3/53 HPs)
             Began as an Ogre Gladiator on Jan 11, 2023.
             Shot with a sling bullet by a goblin (6 damage)
             ... on level 3 of the Dungeon.
             The game lasted 00:09:01 (2197 turns).

Rrauwl the Cudgeller (Ogre Gladiator)               Turns: 2197, Time: 00:09:02

Health: -3/53      AC:  4    Str: 19 (20) XL:     5   Next: 67%
Magic:  5/5        EV: 10    Int:  9      God:
Gold:   1156       SH:  0    Dex: 10      Spells: 4/4 levels left

rFire   + . .      SeeInvis .    f - +1 whip
rCold   . . .      Faith    .    (no shield)
rNeg    . . .      Spirit   .    b - +0 robe
rPois   .          Reflect  .    a - +1 hat
rElec   .          Harm     .    (no cloak)
rCorr   .          Rampage  .    (gloves unavailable)
Will    +....                    (boots unavailable)
Stlth   +                        (no amulet)
HPRegen 0.28/turn                k - ring of willpower
MPRegen 0.09/turn                j - ring of protection from fire

@: mighty
A: large, unfitting armour, tough skin 1
a: no special abilities


You were on level 3 of the Dungeon.
You visited 1 branch of the dungeon, and saw 3 of its levels.

You collected 1156 gold pieces.

Inventory:

Hand Weapons
 f - a +1 whip (weapon)
Missiles
 d - 2 throwing nets (quivered)
 o - 2 poisoned darts
Armour
 a - a +1 hat (worn)
 b - a +0 robe (worn)
 c - a +0 hat
Jewellery
 j - a ring of protection from fire (right hand)
 k - a ring of willpower (left hand)
 r - an amulet of faith
Scrolls
 m - a scroll of teleportation
 p - a scroll of identify
 t - a scroll of enchant armour
Potions
 q - a potion of might
 s - a potion of attraction


   Skills:
 - Level 3.0 Fighting
 + Level 5.4 Maces & Flails
 - Level 2.0 Throwing
 - Level 3.0 Dodging


You had 4 spell levels left.
You didn't know any spells.
Your spell library was empty.

Dungeon Overview and Level Annotations

Branches:
Dungeon (3/15)

Altars:

Shops:
D:2 [


Innate Abilities, Weirdness & Mutations

You are too large for most types of armour.
You have tough skin. (AC +1)


Message History

You barely miss the phantom.
The phantom is heavily damaged.
The phantom hits you.
The phantom blinks!
You blink.
The worm bites you!
You feel very mighty all of a sudden.
The phantom hits you but does no damage.
You hit the phantom but do no damage.
The phantom is heavily damaged.
The phantom hits you.
You closely miss the phantom.
The phantom is heavily damaged.
The phantom hits you.
* * * LOW HITPOINT WARNING * * *
The phantom blinks!
You blink.
Found 19 gold pieces.
The goblin shouts!
You whack the phantom!
The phantom is severely damaged.
You hear a shout!
The phantom hits you!
* * * LOW HITPOINT WARNING * * *
You aren't carrying any items that you can evoke.
You barely miss the phantom.
The phantom is severely damaged.
The phantom barely misses you.
You whack the phantom!
You destroy the phantom!
You feel your strength returning.
You feel your intelligence returning.
Your Maces & Flails skill increases to level 5!
You have reached level 5!
Found a stone staircase leading down.
The gnoll shouts!
The goblin unwields a +0 dagger.
The goblin wields a +0 sling.
The goblin shoots a sling bullet.
The sling bullet hits you.
* * * LOW HITPOINT WARNING * * *
Throw: 3 throwing nets
Press: ? - help, Shift-Dir - straight line, f - gnoll
Aim: a gnoll, wielding a +0 spear (61% to hit)
You throw a throwing net.
The throwing net barely misses the gnoll.
The goblin shoots a sling bullet.
The sling bullet hits you.
You die...

#...#.#.###....
###.####.....# ....<....####
#!###........#####
...........# #...#..#######
.......###..#####...########
..)........................#
..##.....#........########.#
.. #..........gw.....# # .
.#.#.......#...##...# . .
...###..g#.@..$# .##....
##..#.#....... ....#.#
#>.g.#....... ......##
............. .......
.....#...###### ......
.##....#.. ....# #.(..##.
..g.##### .. #. . ......$.#


You could see a worm, a gnoll and a goblin.

Vanquished Creatures
  A phantom (D:3)
  5 gnolls
  An adder (D:3)
  4 endoplasms
  2 giant cockroaches
  8 goblins
  3 hobgoblins
  8 kobolds
  3 quokkas
  4 ball pythons
  6 bats
  2 frilled lizards
  8 rats
55 creatures vanquished.

Notes
Turn   | Place    | Note
-------+----------+-------------------------------------------
     0 | D:1      | Rrauwl the Ogre Gladiator began the quest for the Orb.
     0 | D:1      | Reached XP level 1. HP: 22/22 MP: 1/1
   115 | D:1      | Reached XP level 2. HP: 31/31 MP: 2/2
   137 | D:1      | Reached skill level 3 in Maces & Flails
   536 | D:1      | Reached XP level 3. HP: 36/37 MP: 3/3
   944 | D:2      | Found Assypp's Antique Armour Shop.
   952 | D:2      | Reached skill level 4 in Maces & Flails
  1157 | D:2      | Reached XP level 4. HP: 43/45 MP: 4/4
  1673 | D:2      | Identified a scroll of acquirement
  1673 | D:2      | Acquired 1117 gold pieces
  2171 | D:3      | Noticed a phantom
  2191 | D:3      | Killed a phantom
  2192 | D:3      | Reached skill level 5 in Maces & Flails
  2192 | D:3      | Reached XP level 5. HP: 6/53 MP: 5/5
  2192 | D:3      | HP: 2/53 [goblin/sling bullet (4)]
  2197 | D:3      | Shot with a sling bullet by a goblin

Illustrated notes

Levels and vault maps discovered:
D:1:      minmay_arrival_plants_in_alcoves, layout_rooms
D:2:      layout_loops_corners, serial_shops, nicolae_square_shop
D:3:      layout_rooms, grunt_temple_overflow_diamond, uniq_terence

Skill      XL: |  1  2  3  4 |
---------------+-------------+-----
Fighting       | 3 |  3.0
Maces & Flails | 3 4 5 |  5.4
Dodging        | 3 |  3.0
Throwing       | |  2.0

Action                   |  1- 3 |  4- 6 || total
-------------------------+-------+-------++-------
Melee: Flail             |    15 |       ||    15
       Whip              |   128 |    82 ||   210
Throw: Large rock        |     2 |       ||     2
       Throwing net      |       |     2 ||     2
  Use: Potion            |       |     7 ||     7
       Scroll            |       |     5 ||     5
 Stab: Sleeping          |     1 |       ||     1
Armor: Robe              |    46 |    14 ||    60
Dodge: Dodged            |    69 |    36 ||   105

Table legend: (Time is in decaauts)
 A = Elapsed time spent in this place.
 B = Non-inter-level travel time spent in this place.
 C = Inter-level travel time spent in this place.
 D = Time resting spent in this place.
 E = Time spent auto-exploring this place.
 F = Levels seen in this place.
 G = Mean time per level.
                   A        B        C        D        E       F      G
               +--------+--------+--------+--------+--------+-----+--------+
         Total |   2182 |   2081 |    101 |      0 |   1573 |   3 |  727.3 |
       Dungeon |   2182 |   2081 |    101 |      0 |   1573 |   3 |  727.3 |
               +--------+--------+--------+--------+--------+-----+--------+

Top non-repeatable levels by time:
     D:2: 1219 daAuts
     D:1: 755 daAuts
     D:3: 207 daAuts
